Cogmind - Beta 12 @@@ ROGUE MODE // 2023.09.15 @ 15:54:32 // Winter2019/RPGLIKE Player: 0Z-4NL Result: Self-destructed Performance ------------- Evolutions (5) 2500 Regions Visited (32) 6400 Robots Destroyed (443) 2215 Value Destroyed (24609) 24609 Prototype IDs (71) 1420 Alien Tech Used (0) 0 Bonus (7904) 7904 TOTAL SCORE: 45048 Bonus ------- High Alert Combat Kills 2560 Follower Combat Kills 916 Entered Garrisons 1600 Aligned with FarCom 300 Met Data Miner 300 Met Warlord at Base 500 MAIN.C Attacked Warlord 500 Warlord Defense Kills 1898 Friendly Fire -670 Cogmind --------- Core Integrity 499/600 Matter 300/300 Energy 940/940 System Corruption 0% Temperature Cool (0) Movement Rolling (138) Ox3 Location -4/Proximity Caves Parts ------- > --- POWER (3) -------- Particle Reactor Vortex Chain Reactor > --- PROPULSION (3) --- Armored Wheel Armored Wheel Centrium Wheel > --- UTILITY (10) ----- Advanced Cooling System 0b10 Alert Chip Advanced Kinecellerator Improved Weapon Cycler Advanced Transmission Jammer Medium Reactive Plating Advanced Thermal Shield Advanced Force Field Ghost Barrier Long-range Tractor Beam > --- WEAPON (4) ------- Compact HERF Cannon Matter Neutralizer Heavy Autocannon > --- INVENTORY (5) ---- Improved Signal Interpreter Advanced Terrain Scanner Improved System Restoration Module Dimensional Node Initializer Long-range Missile Launcher Peak State ------------ > --- POWER ------------ Particle Reactor Vortex Chain Reactor > --- PROPULSION ------- Armored Wheel Armored Wheel Centrium Wheel > --- UTILITY ---------- Advanced Cooling System 0b10 Alert Chip Advanced Kinecellerator Improved Weapon Cycler Advanced Transmission Jammer Medium Reactive Plating Advanced Thermal Shield Advanced Force Field Ghost Barrier Long-range Tractor Beam > --- WEAPON ----------- Compact HERF Cannon Matter Neutralizer Heavy Autocannon > --- INVENTORY -------- Improved Signal Interpreter Advanced Terrain Scanner Improved System Restoration Module Dimensional Node Initializer Long-range Missile Launcher [Rating: 138] Favorites ----------- Power Improved Deuterium Engine Engine Improved Deuterium Engine Power Core Fission Core Reactor Antimatter Reactor Propulsion Armored Wheel Treads Armored Medium Treads Leg Aluminum Leg Wheel Armored Wheel Utility 0b10 Alert Chip Device Recoil Nullifier Storage High-capacity Matter Pod Processor 0b10 Alert Chip Hackware Ghost Barrier Protection Medium Reactive Plating Weapon Long-range Proton Cannon Energy Gun EM Pulse Gun Energy Cannon Long-range Proton Cannon Ballistic Gun Assault Rifle Ballistic Cannon Hypervelocity Gauss Cannon Launcher Rocket Launcher Build | -11 -10 -10 -9 -9 -9 -8 -8 -8 -8 -8 -8 -8 -8 -8 -7 -7 -7 -7 -7 -7 -6 -6 -6 -6 -6 -6 -6 -5 -5 -5 -5 -4 ------- Run | Jun Mat Min Mat Min Exi Min Mat Gar Mat Gar Mat Gar Mat Gar Fac Gar Fac Low Low Dat Pro Fac Gar Fac Gar Fac Gar Fac Upp Upp War Pro Slots Evolved 16 | 2 2 . 2 1 1 . 1 2 . . . . 1 . . . . 2 . . . 1 . . . . . . . 1 . . Power 2 | . . . . 1 . . . . . . . . . . . . . 1 . . . . . . . . . . . . . . Propulsion 2 | 1 . . 1 . . . . . . . . . . . . . . . . . . . . . . . . . . . . . Utility 9 | . 1 . 1 . 1 . . 2 . . . . 1 . . . . 1 . . . 1 . . . . . . . 1 . . Weapon 3 | 1 1 . . . . . 1 . . . . . . . . . . . . . . . . . . . . . . . . . Parts Attached 308 | 3 7 . 27 6 1 6 17 20 12 22 4 10 14 9 7 12 9 13 6 . 2 19 9 10 17 10 6 13 3 1 13 . Power 20 | 1 . . 4 1 . . 2 . . . . . . . . 1 . 1 1 . . . . 2 4 . . 2 . . 1 . Engine 9 | 1 . . 3 1 . . 2 . . . . . . . . . . . 1 . . . . 1 . . . . . . . . Core 5 | . . . 1 . . . . . . . . . . . . . . 1 . . . . . 1 1 . . 1 . . . . Reactor 6 | . . . . . . . . . . . . . . . . 1 . . . . . . . . 3 . . 1 . . 1 . Propulsion 15 | 1 3 . 5 1 . . 1 1 . . . 1 . . . 1 . 1 . . . . . . . . . . . . . . Treads 4 | . . . 2 . . . 1 1 . . . . . . . . . . . . . . . . . . . . . . . . Leg 4 | 1 3 . . . . . . . . . . . . . . . . . . . . . . . . . . . . . . . Wheel 7 | . . . 3 1 . . . . . . . 1 . . . 1 . 1 . . . . . . . . . . . . . . Hover . | . . . . . . . . . . . . . . . . . . . . . . . . . . . . . . . . . Flight . | . . . . . . . . . . . . . . . . . . . . . . . . . . . . . . . . . Utility 189 | . 2 . 7 3 1 . 12 8 12 14 4 4 14 5 7 5 9 11 3 . 2 17 5 7 6 10 1 11 1 1 7 . Device 169 | . 1 . 2 3 . . 10 5 11 13 4 4 13 5 5 5 9 11 3 . 2 16 5 7 6 10 1 11 1 1 5 . Storage 1 | . . . . . . . . 1 . . . . . . . . . . . . . . . . . . . . . . . . Processor 4 | . . . . . 1 . . . . . . . . . 1 . . . . . . 1 . . . . . . . . 1 . Hackware 1 | . . . . . . . . . . . . . . . . . . . . . . . . . . . . . . . 1 . Protection 14 | . 1 . 5 . . . 2 2 1 1 . . 1 . 1 . . . . . . . . . . . . . . . . . Artifact . | . . . . . . . . . . . . . . . . . . . . . . . . . . . . . . . . . Weapon 84 | 1 2 . 11 1 . 6 2 11 . 8 . 5 . 4 . 5 . . 2 . . 2 4 1 7 . 5 . 2 . 5 . Energy Gun 3 | . 1 . 2 . . . . . . . . . . . . . . . . . . . . . . . . . . . . . Energy Cannon 14 | . . . 5 . . 3 . 2 . 1 . . . . . 1 . . . . . . . . 1 . . . . . 1 . Ballistic Gun 4 | 1 1 . 2 . . . . . . . . . . . . . . . . . . . . . . . . . . . . . Ballistic Cannon 39 | . . . 2 1 . 1 2 5 . 3 . 3 . 2 . 3 . . 1 . . 1 2 1 3 . 4 . 1 . 4 . Launcher 24 | . . . . . . 2 . 4 . 4 . 2 . 2 . 1 . . 1 . . 1 2 . 3 . 1 . 1 . . . Special Weapon . | . . . . . . . . . . . . . . . . . . . . . . . . . . . . . . . . . Impact Weapon . | . . . . . . . . . . . . . . . . . . . . . . . . . . . . . . . . . Slashing Weapon . | . . . . . . . . . . . . . . . . . . . . . . . . . . . . . . . . . Piercing Weapon . | . . . . . . . . . . . . . . . . . . . . . . . . . . . . . . . . . Special Melee Weapon . | . . . . . . . . . . . . . . . . . . . . . . . . . . . . . . . . . Unidentified Prototypes 10 | . . . 1 . . . . . . . . . . . . . . . . . . 1 . . . . . 1 . . 7 . Parts Lost 1 | . . . . 1 . . . . . . . . . . . . . . . . . . . . . . . . . . . . Power . | . . . . . . . . . . . . . . . . . . . . . . . . . . . . . . . . . Propulsion . | . . . . . . . . . . . . . . . . . . . . . . . . . . . . . . . . . Utility 1 | . . . . 1 . . . . . . . . . . . . . . . . . . . . . . . . . . . . Weapon . | . . . . . . . . . . . . . . . . . . . . . . . . . . . . . . . . . Highest Loss Streak 1 | . . . . 1 . . . . . . . . . . . . . . . . . . . . . . . . . . . . To Critical Strikes . | . . . . . . . . . . . . . . . . . . . . . . . . . . . . . . . . . Average Slot Usage (%) 98 | . 96 100 99 98 100 100 99 99 100 94 93 93 93 93 99 100 100 100 100 100 100 100 100 100 99 100 100 99 100 100 97 . Engine 8 | . 13 12 10 10 16 16 15 14 13 13 13 13 12 12 12 9 6 5 6 11 11 10 10 8 1 . . . . . . . Reactor 4 | . . . . . . . . . . . . . . . . 2 6 5 5 5 5 5 5 5 9 15 15 14 15 15 13 . Treads 2 | . . . 9 9 8 8 7 6 6 6 6 3 . . . . . . . . . . . . . . . . . . . . Leg 1 | . 27 25 5 . . . . . . . . . . . . . . . . . . . . . . . . . . . . . Wheel 15 | . . . 14 19 16 16 15 14 13 13 13 15 18 18 18 18 18 16 16 16 16 15 15 15 15 15 15 15 15 15 15 . Device 24 | . 10 12 10 13 16 16 15 20 20 20 20 20 18 18 27 27 31 33 33 33 33 32 31 31 31 31 31 31 31 31 33 . Processor 6 | . . . . . 4 8 7 6 6 6 6 6 6 6 8 9 6 5 5 5 5 5 10 10 10 10 10 10 10 10 9 . Protection 7 | . 4 12 18 14 8 8 7 7 13 7 6 6 9 12 6 6 6 5 5 5 5 5 5 5 5 5 5 5 5 5 5 . Energy Gun 1 | . 22 25 5 . . . . . . . . . . . . . . . . . . . . . . . . . . . . . Energy Cannon 10 | . . . 12 14 8 9 . 12 13 12 13 13 12 12 12 12 12 11 11 11 11 10 10 10 9 10 10 10 10 10 10 . Ballistic Gun 1 | . 15 12 9 . . . . . . . . . . . . . . . . . . . . . . . . . . . . . Ballistic Cannon 11 | . . . 2 15 16 12 28 13 13 11 13 12 12 11 12 12 12 11 10 11 11 10 9 10 9 10 9 10 9 10 9 . Naked Turns . | . . . . . . . . . . . . . . . . . . . . . . . . . . . . . . . . . Heaviest Build 154 | 9 16 16 39 44 44 44 56 71 74 81 81 84 105 105 104 97 97 105 105 102 102 105 104 113 132 132 132 132 132 133 154 . Greatest Support 45 | 20 20 20 27 29 29 29 29 29 29 29 29 41 41 41 41 45 45 45 45 45 45 45 45 45 45 45 45 45 45 45 45 . Greatest Overweight (x) 3 | . . . 1 1 1 1 1 2 2 2 2 2 2 2 2 2 2 2 2 2 2 2 2 2 2 2 2 2 2 2 3 . Average Overweight (x) 1 | . . . . 1 1 1 1 1 2 2 2 1 2 2 2 1 2 2 2 2 2 2 2 2 2 2 2 2 2 2 2 . Largest Inventory Capacity 5 | . . . 3 3 3 3 3 3 4 4 4 4 4 4 4 4 4 4 4 4 4 4 4 4 4 4 4 4 4 4 5 . Average Capacity 3 | . . . 1 3 3 3 3 3 3 4 4 4 4 4 4 4 4 4 4 4 4 4 4 4 4 4 4 4 4 4 4 . Most Carried 5 | . . . 3 3 3 3 3 3 4 4 4 4 4 4 4 4 4 4 4 4 4 4 4 4 4 4 4 4 4 4 5 . Average Carried 3 | . . . 1 2 2 3 2 3 3 3 3 4 4 4 3 4 4 3 4 4 4 4 4 4 4 4 4 3 4 3 4 . Final Capacity 5 | . . . 3 3 3 3 3 3 4 4 4 4 4 4 4 4 4 4 4 4 4 4 4 4 4 4 4 4 4 4 5 5 Final Carried 5 | . . . 3 3 3 3 3 3 4 4 4 4 4 4 4 4 4 4 4 4 4 4 4 4 4 4 4 4 4 4 5 5 Class Distribution -------------------- 40% | Hacker-Tank 34% | Hacker-Mutant 7% | Hacker-Skirmisher 6% | Skirmisher 3% | Tank Dominant Class ---------------- Skirmisher | -10/Materials Skirmisher | -10/Mines Scavenger-Tank | -9/Materials Tank | -9/Mines Mutant | -9/Exiles Skirmisher | -8/Mines Hacker-Skirmisher | -8/Materials Hacker-Tank | -8/Garrison Hacker-Tank | -8/Materials Hacker-Tank | -8/Garrison Hacker-Mutant | -8/Materials Hacker-Tank | -8/Garrison Hacker-Mutant | -8/Materials Hacker-Tank | -8/Garrison Hacker-Mutant | -7/Factory Hacker-Mutant | -7/Garrison Hacker-Mutant | -7/Factory Hacker-Tank | -7/Lower Caves Hacker-Tank | -7/Lower Caves Hacker-Tank | -7/Data Miner Hacker-Tank | -6/Proximity Caves Hacker-Tank | -6/Factory Hacker-Tank | -6/Garrison Hacker-Tank | -6/Factory Hacker-Tank | -6/Garrison Hacker-Mutant | -6/Factory Hacker-Tank | -6/Garrison Hacker-Mutant | -5/Factory Hacker-Mutant | -5/Upper Caves Hacker-Mutant | -5/Upper Caves Hacker-Skirmisher | -5/Warlord Hacker-Skirmisher | -4/Proximity Caves Resources | -11 -10 -10 -9 -9 -9 -8 -8 -8 -8 -8 -8 -8 -8 -8 -7 -7 -7 -7 -7 -7 -6 -6 -6 -6 -6 -6 -6 -5 -5 -5 -5 -4 ----------- Run | Jun Mat Min Mat Min Exi Min Mat Gar Mat Gar Mat Gar Mat Gar Fac Gar Fac Low Low Dat Pro Fac Gar Fac Gar Fac Gar Fac Upp Upp War Pro Matter Collected 11450 | 233 187 36 624 257 10 152 760 516 374 753 50 562 280 646 141 705 160 480 261 . 170 545 812 396 885 150 473 272 45 10 505 . Remotely 3981 | . . . . . . . 519 . 66 201 . . . 71 70 . . 55 159 . . . 812 205 860 . 473 73 45 10 362 . Salvage Created 16179 | 92 513 72 1414 111 . 124 354 558 488 782 29 1440 335 1013 386 1095 134 608 277 . 188 976 1421 825 986 113 955 483 33 . 374 . Parts 846 | 2 34 8 109 6 . 17 26 44 26 51 5 64 13 58 14 43 3 24 15 . 9 53 50 49 47 1 33 25 8 . 9 . Haulers Intercepted 12 | . 1 . 4 . . . 3 . . . . . . . . . . . . . . 1 . 1 . . . 2 . . . . Recyclers Shooed 7 | . . . 3 . . . 1 . . . . . . . . . . . . . . 2 . . . . . 1 . . . . Parts Field Recycled . | . . . . . . . . . . . . . . . . . . . . . . . . . . . . . . . . . Retrieved Matter . | . . . . . . . . . . . . . . . . . . . . . . . . . . . . . . . . . Parts Self-Destructed 56 | . . . . . . . . . . . . . . . . . . 23 13 . 9 . . . . . . . 7 4 . . Prevented 10 | . . . . . . . . . . . . . . . . . . 4 3 . 2 . . . . . . . . 1 . . Kills | -11 -10 -10 -9 -9 -9 -8 -8 -8 -8 -8 -8 -8 -8 -8 -7 -7 -7 -7 -7 -7 -6 -6 -6 -6 -6 -6 -6 -5 -5 -5 -5 -4 ------- Run | Jun Mat Min Mat Min Exi Min Mat Gar Mat Gar Mat Gar Mat Gar Fac Gar Fac Low Low Dat Pro Fac Gar Fac Gar Fac Gar Fac Upp Upp War Pro Combat Hostiles Destroyed 389 | . 10 2 27 10 . 8 10 21 13 27 1 28 5 28 7 24 2 17 10 . 7 21 28 14 32 2 17 1 4 . 13 . Guns 22 | . 9 2 11 . . . . . . . . . . . . . . . . . . . . . . . . . . . . . Cannons 299 | . . . 16 9 . 4 10 16 13 17 1 23 4 22 7 21 2 17 9 . 6 15 21 13 26 2 11 1 . . 13 . AOE 56 | . 1 . . . . 4 . 4 . 9 . 4 . 6 . 2 . . . . 1 6 5 1 5 . 4 . 4 . . . Classes Destroyed 24 | 1 5 1 2 2 . 1 2 2 1 1 . . . . . . . . . . 1 . 2 . 1 . . . . . 2 . Worker 5 | . . . . . . . 1 . . . . . . . . . . . . . . . . 2 . . . 2 . . . . Builder 9 | . 1 . 2 . . . 2 . . . . . . . . . . . . . . 3 . 1 . . . . . . . . Tunneler 5 | . . 1 2 . . 2 . . . . . . . . . . . . . . . . . . . . . . . . . . Hauler 12 | . 1 . 4 . . . 3 . . . . . . . . . . . . . . 1 . 1 . . . 2 . . . . Recycler 6 | 1 . . 2 . . . . . . . . . . . . . . . . . . 2 . . . . . 1 . . . . Carrier 1 | . . . . . . . . . . . . . . . . . . . . . . . 1 . . . . . . . . . Operator 5 | . . . . . . . 1 . . . . . 1 . . . . . . . . 1 . 1 . . . 1 . . . . Drone 2 | . . . . . . . . . . . . . . . . . . . . . 2 . . . . . . . . . . . Watcher 14 | . 2 . 3 . . . 1 . . . 1 . 1 . . . 1 . . . . 1 . 2 . . . 2 . . . . Swarmer 72 | . 3 2 4 3 . 4 . 3 . 6 . 4 . 6 . 1 . 1 2 . 1 12 7 2 3 . 4 . 4 . . . Cutter 2 | . . . . . . . . 2 . . . . . . . . . . . . . . . . . . . . . . . . Saboteur 2 | . . . . . . . . . . . . . . . . . . . . . . . . . 2 . . . . . . . Grunt 174 | . 7 . 12 1 . 3 6 12 7 12 . 13 2 13 5 14 2 6 7 . 2 5 15 5 14 . 5 1 . . 5 . Brawler 18 | . . . 1 1 . . . 2 . 2 . . . . . 1 . 2 . . 1 . 1 2 1 . 4 . . . . . Duelist 13 | . . . . . . . . . 1 3 . 2 . 1 . 1 . 4 . . . . . . 1 . . . . . . . Sentry 60 | . . . 10 . . . 4 1 4 1 1 6 3 4 1 5 . 2 1 . 1 2 2 2 7 1 2 . . . . . Demolisher 2 | . . . . 2 . . . . . . . . . . . . . . . . . . . . . . . . . . . . Specialist 3 | . . . . . . . . 1 . . . 1 . . . . . . . . . . . . . . . . . . 1 . Hunter 12 | . . . . . . 1 . . 1 1 . . . 2 . 1 . 1 . . . 1 1 1 . . 2 . . . . . Programmer 22 | . . . . . . . . . . 2 . 2 . 2 1 1 . 1 . . . 1 . 2 4 1 . . . . 5 . Behemoth 2 | . . . . . . . . . . . . . . . . . . . . . . . 2 . . . . . . . . . Striker 1 | . . . . . . . . . . . . . . . . . . . . . . . . . . . . . . . 1 . Executioner 1 | . . . . . . . . . . . . . . . . . . . . . . . . . . . . . . . 1 . Assembled 3 | . . . . 3 . . . . . . . . . . . . . . . . . . . . . . . . . . . . Best Kill Streak 10 | 1 7 3 7 5 . 6 6 5 3 8 1 6 1 5 3 3 2 4 7 . 2 10 6 8 7 1 4 3 4 . 7 . Combat Bots Only 8 | . 6 2 6 5 . 4 2 5 3 8 1 6 1 5 3 3 2 4 7 . 2 8 6 6 7 1 4 1 4 . 7 . Max Kills in Single Turn 8 | 1 2 1 2 1 . 3 2 2 1 3 1 3 1 1 2 2 1 1 1 . 1 8 2 1 2 1 4 2 4 . 2 . Gunslinging 1 | . 1 . . . . . . . . . . . . . . . . . . . . . . . . . . . . . . . Exploded 6 | . 1 . . . . 2 . 2 . 3 . 3 . 1 . 1 . . . . 1 6 2 1 2 . 4 . 4 . . . Melee . | . . . . . . . . . . . . . . . . . . . . . . . . . . . . . . . . . Uniques/NPCs Destroyed . | . . . . . . . . . . . . . . . . . . . . . . . . . . . . . . . . . Combat | -11 -10 -10 -9 -9 -9 -8 -8 -8 -8 -8 -8 -8 -8 -8 -7 -7 -7 -7 -7 -7 -6 -6 -6 -6 -6 -6 -6 -5 -5 -5 -5 -4 -------- Run | Jun Mat Min Mat Min Exi Min Mat Gar Mat Gar Mat Gar Mat Gar Fac Gar Fac Low Low Dat Pro Fac Gar Fac Gar Fac Gar Fac Upp Upp War Pro Damage Taken 6178 | 27 482 46 630 612 . 107 196 425 291 282 23 291 138 202 54 212 95 470 96 . 91 195 311 124 518 4 94 . . . 162 . Core 4213 | 21 382 32 400 415 . 75 137 317 191 200 18 179 77 117 32 153 65 331 66 . 65 128 232 69 330 2 67 . . . 112 . Absorbed by Shields 2439 | . . . . 9 . 42 65 159 108 106 9 114 52 77 21 79 36 151 33 . 34 206 326 132 401 4 105 . . . 170 . Redirected to Core 3671 | 21 326 32 345 384 . 75 125 283 163 191 18 147 58 100 32 110 55 308 54 . 65 93 169 63 298 2 53 . . . 101 . Core Remaining (%) 82 | 96 . 50 . . . 60 . . . . . . . 100 . . . . . . 94 . . . . . 95 . . . . . Volleys Fired 960 | 1 36 5 72 17 . 9 35 45 28 64 17 61 27 53 21 61 17 22 18 . 10 50 76 43 54 15 56 19 1 2 25 . Largest 4 | 2 3 3 3 3 . 3 4 4 4 4 4 4 4 4 4 4 4 4 4 . 4 4 4 4 4 3 4 4 1 1 3 . Hottest 325 | 60 125 125 204 180 . 180 184 280 280 280 280 297 297 297 297 312 312 312 312 . 312 312 312 312 312 231 325 325 43 105 289 . Shots Fired 2493 | 2 94 15 204 44 . 23 103 99 90 156 22 147 57 136 43 167 35 84 55 . 40 139 187 109 178 24 129 47 1 2 61 . Gun 224 | 2 94 15 113 . . . . . . . . . . . . . . . . . . . . . . . . . . . . . Cannon 2227 | . . . 91 44 . 21 103 95 90 147 22 144 57 129 43 166 35 84 53 . 40 139 181 109 172 24 128 47 . 2 61 . Launcher 42 | . . . . . . 2 . 4 . 9 . 3 . 7 . 1 . . 2 . . . 6 . 6 . 1 . 1 . . . Special . | . . . . . . . . . . . . . . . . . . . . . . . . . . . . . . . . . Kinetic 1100 | 1 45 5 80 30 . 12 103 36 42 63 3 58 20 57 16 70 12 44 24 . 20 60 72 44 82 8 52 19 . . 22 . Thermal 875 | . 13 5 113 14 . 9 . 37 24 52 17 57 23 44 21 61 17 22 16 . 10 48 70 43 49 14 54 17 . 2 23 . Explosive 42 | . . . . . . 2 . 4 . 9 . 3 . 7 . 1 . . 2 . . . 6 . 6 . 1 . 1 . . . Electromagnetic 476 | 1 36 5 11 . . . . 22 24 32 2 29 14 28 6 35 6 18 13 . 10 31 39 22 41 2 22 11 . . 16 . Robot Hit Streak 62 | 2 13 5 23 25 . 7 7 12 20 14 4 14 10 17 14 23 8 13 14 . 17 15 38 18 42 51 62 26 3 . 17 . Robot Miss Streak 9 | . 5 2 5 7 . 3 9 6 6 5 2 3 3 1 3 2 2 1 2 . 5 4 2 2 2 . 1 1 . . 2 . Penetration Max 2 | . . . . . . . . . . . . . . . . . . 1 . . . 1 . 1 1 . 2 . . . . . Secondary Targets 3 | . 2 . 1 . . . . . . . . . . . . . . . . . . . . . . . . . . . . . Max Gunslinging Chain 1 | . 1 . 1 . . . . . . . . . . . . . . . . . . . . . . . . . . . . . Shots Hit Robots 1252 | 2 49 7 131 29 . 16 58 39 54 49 4 65 22 57 15 82 15 48 26 . 20 60 102 53 117 9 58 25 1 . 39 . Core Hits 679 | 1 21 3 63 20 . 22 47 23 24 41 2 40 7 34 8 35 4 22 12 . 8 34 56 26 62 2 29 10 4 . 19 . Critical Kills 39 | . . . . 1 . . . 1 . 1 . 2 3 1 3 3 1 3 2 . 1 1 4 3 5 1 2 . . . 1 . Critical Parts Destroyed 43 | . 1 . 1 . . . . . . . . 2 2 1 1 3 . 5 . . . 4 6 4 8 . 5 . . . . . Critical Strikes 131 | . 2 . 2 1 . . 3 3 1 2 . 6 7 3 5 16 2 9 3 . 1 10 15 9 17 1 9 1 . . 3 . Burn 1 | . . . 1 . . . . . . . . . . . . . . . . . . . . . . . . . . . . . Meltdown 12 | . . . . 1 . . . 1 . 1 . 1 1 . . 1 . . 1 . . . 2 . 1 . 2 . . . . . Destroy 84 | . 1 . 1 . . . . . . . . 3 4 2 4 9 1 8 1 . 1 7 12 7 14 1 7 . . . 1 . Blast 25 | . . . . . . . 3 1 . 1 . 2 2 1 1 4 . 1 . . . 2 1 1 2 . . 1 . . 2 . Corrupt 9 | . 1 . . . . . . 1 1 . . . . . . 2 1 . 1 . . 1 . 1 . . . . . . . . Melee Attacks . | . . . . . . . . . . . . . . . . . . . . . . . . . . . . . . . . . Impact . | . . . . . . . . . . . . . . . . . . . . . . . . . . . . . . . . . Slashing . | . . . . . . . . . . . . . . . . . . . . . . . . . . . . . . . . . Piercing . | . . . . . . . . . . . . . . . . . . . . . . . . . . . . . . . . . Sneak Attacks . | . . . . . . . . . . . . . . . . . . . . . . . . . . . . . . . . . Combat Hostiles . | . . . . . . . . . . . . . . . . . . . . . . . . . . . . . . . . . Follow-up Attacks . | . . . . . . . . . . . . . . . . . . . . . . . . . . . . . . . . . Damage Inflicted 46132 | 46 845 110 2495 495 . 580 1412 1590 1700 2269 137 3035 856 2427 618 2941 512 1805 959 . 748 3564 4083 1975 4587 359 2400 980 316 . 2288 . Guns 1925 | 12 702 110 1101 . . . . . . . . . . . . . . . . . . . . . . . . . . . . . Cannons 38407 | . . . 1394 495 . 310 1408 1299 1690 1611 137 2378 820 1939 551 2732 512 1805 873 . 676 2397 3591 1975 4029 359 2158 980 . . 2288 . Explosions 5786 | 34 143 . . . . 270 . 291 . 658 . 657 36 488 67 209 . . 86 . 72 1167 492 . 558 . 242 . 316 . . . Melee . | . . . . . . . . . . . . . . . . . . . . . . . . . . . . . . . . . Ramming 14 | . . . . . . . 4 . 10 . . . . . . . . . . . . . . . . . . . . . . . Kinetic 15032 | . 349 28 849 370 . 210 1408 431 649 485 69 625 284 413 254 880 214 727 254 . 178 963 1182 578 1444 155 647 274 . . 1112 . Thermal 15078 | 34 212 34 1533 125 . 100 . 385 387 748 37 928 224 850 180 1244 120 645 368 . 312 822 1535 847 1485 138 790 278 . . 717 . Explosive 4855 | . . . . . . 270 . 291 . 491 . 575 . 389 . 47 . . 86 . . 1167 423 . 558 . 242 . 316 . . . Electromagnetic 11153 | 12 284 48 113 . . . . 483 654 545 31 907 348 775 184 770 178 433 251 . 258 612 943 550 1100 66 721 428 . . 459 . Impact . | . . . . . . . . . . . . . . . . . . . . . . . . . . . . . . . . . Slashing . | . . . . . . . . . . . . . . . . . . . . . . . . . . . . . . . . . Piercing . | . . . . . . . . . . . . . . . . . . . . . . . . . . . . . . . . . Highest Corruption 5 | . 1 1 1 1 1 1 . . . . . . . . . . 1 1 . . . 5 . . 3 . . 1 . . . . Average Corruption 1 | . 1 1 1 1 1 1 . . . . . . . . . . 1 1 . . . 3 . . 1 . . 1 . . . . Corruption Purged 14 | . . . . . . . . . . . . . . . . . 1 1 . . . 8 . . 3 . . 1 . . . . Corruption Blocked 10 | . . . . . . . . . . . . . . . . . . . . . . . . . . . . . . . 10 . Effects 41 | . . 6 13 4 4 4 . . . . . . . . . . 1 . . . . 9 . . . . . . . . . . Message Errors 6 | . . . 3 . 1 . . . . . . . . . . . . . . . . 2 . . . . . . . . . . Matter Fused 12 | . . 4 3 . . 2 . . . . . . . . . . . . . . . 3 . . . . . . . . . . Heat Flow Errors 5 | . . 1 2 . . . . . . . . . . . . . . . . . . 2 . . . . . . . . . . Energy Discharges 7 | . . . 2 2 . 2 . . . . . . . . . . . . . . . 1 . . . . . . . . . . Data Loss (minor) 5 | . . 1 1 1 1 . . . . . . . . . . . . . . . . 1 . . . . . . . . . . Misfires 2 | . . . . 1 . . . . . . . . . . . . 1 . . . . . . . . . . . . . . . Alerts 2 | . . . . . 2 . . . . . . . . . . . . . . . . . . . . . . . . . . . Weapon Failures 2 | . . . 2 . . . . . . . . . . . . . . . . . . . . . . . . . . . . . Overload Shots . | . . . . . . . . . . . . . . . . . . . . . . . . . . . . . . . . . Overflow Damage 1388 | . . . 12 4 . . 2 64 36 34 . 83 56 80 . 79 32 10 23 . 22 435 17 73 53 60 26 116 11 . 60 . Projectiles 928 | . . . 12 4 . . 2 39 36 29 . 42 56 60 . 79 32 10 . . 22 106 17 73 48 60 25 116 . . 60 . Explosions 460 | . . . . . . . . 25 . 5 . 41 . 20 . . . . 23 . . 329 . . 5 . 1 . 11 . . . Melee . | . . . . . . . . . . . . . . . . . . . . . . . . . . . . . . . . . Knockbacks 137 | . . . 8 13 . 14 16 4 6 8 . 6 2 4 3 3 3 8 1 . 1 4 10 . 12 . 7 . . . 4 . Impact 1 | . . . . . . . 1 . . . . . . . . . . . . . . . . . . . . . . . . . Kinetic 122 | . . . 7 13 . 12 14 3 6 6 . 5 2 4 3 2 3 6 1 . 1 4 10 . 11 . 6 . . . 3 . Secondary 14 | . . . 1 . . 2 1 1 . 2 . 1 . . . 1 . 2 . . . . . . 1 . 1 . . . 1 . Self-Inflicted Damage 370 | 27 13 . . . . . . 49 . 93 . 12 52 24 . 47 . . . . 53 . . . . . . . . . . . Shots 10 | 1 1 . . . . . . 1 . 2 . 1 1 1 . 1 . . . . 1 . . . . . . . . . . . Rammed 3 | . . . . . . . 2 . 1 . . . . . . . . . . . . . . . . . . . . . . . Targets Rammed 3 | . . . . . . . 2 . 1 . . . . . . . . . . . . . . . . . . . . . . . Kicked . | . . . . . . . . . . . . . . . . . . . . . . . . . . . . . . . . . Crushed . | . . . . . . . . . . . . . . . . . . . . . . . . . . . . . . . . . Highest Temperature 440 | 12 234 281 362 234 . 311 313 402 371 419 57 440 363 339 60 96 150 145 150 . 150 233 245 224 239 27 360 204 . 9 168 . Average Temperature 95 | 12 70 147 113 88 . 155 91 115 140 80 19 114 100 125 23 29 61 48 55 . 56 82 79 71 82 27 88 71 . 9 79 . Received Heat Transfer 2108 | . 225 . 183 68 . 18 97 122 154 72 . 102 62 115 30 87 66 136 21 . 22 38 132 58 240 6 30 . . . 24 . Effects 16 | . . . 1 . . 1 . 4 3 1 . 3 1 2 . . . . . . . . . . . . . . . . . . Shutdowns 5 | . . . . . . . . . 3 . . 2 . . . . . . . . . . . . . . . . . . . . Energy Bleed 3 | . . . 1 . . 1 . . . . . . . 1 . . . . . . . . . . . . . . . . . . Interference 4 | . . . . . . . . 3 . . . . 1 . . . . . . . . . . . . . . . . . . . Matter Decay 2 | . . . . . . . . 1 . . . . . 1 . . . . . . . . . . . . . . . . . . Short Circuit 1 | . . . . . . . . . . 1 . . . . . . . . . . . . . . . . . . . . . . Damage (minor) 1 | . . . . . . . . . . . . 1 . . . . . . . . . . . . . . . . . . . . Siege Activations . | . . . . . . . . . . . . . . . . . . . . . . . . . . . . . . . . . Robots Corrupted 1 | . . . . . . . . . . . . . . . . . . . . . . . . 1 . . . . . . . . Combat Hostiles . | . . . . . . . . . . . . . . . . . . . . . . . . . . . . . . . . . Parts Fried 25 | . . . 1 . . . . 1 1 . . 1 3 2 . . 1 1 . . . . 2 4 1 . 4 1 . . 2 . Impact Corruptions 1 | . . . . . . . . . . . . . . . . 1 . . . . . . . . . . . . . . . . Robots Melted 12 | . . . . 1 . . . 1 . 1 . 1 1 . . 1 . . 1 . . . 2 . 1 . 2 . . . . . Combat Hostiles 12 | . . . . 1 . . . 1 . 1 . 1 1 . . 1 . . 1 . . . 2 . 1 . 2 . . . . . Parts Melted 31 | . . . 4 . . . . 1 . 1 . 3 2 . 1 3 . . 1 . . 1 5 1 5 . 3 . . . . . Heat Transferred 16646 | 50 348 74 2997 222 . 185 . 500 500 850 50 1124 300 947 200 1242 111 592 333 . 272 740 1313 777 1275 111 683 259 . . 591 . Parts Sabotaged . | . . . . . . . . . . . . . . . . . . . . . . . . . . . . . . . . . Parts Stolen . | . . . . . . . . . . . . . . . . . . . . . . . . . . . . . . . . . Parts Stripped . | . . . . . . . . . . . . . . . . . . . . . . . . . . . . . . . . . Power Chain Reactions 14 | 1 2 . . . . . . . . 2 . 1 1 2 1 2 . . . . 1 . 1 . . . . . . . . . Missiles Intercepted . | . . . . . . . . . . . . . . . . . . . . . . . . . . . . . . . . . Alert | -11 -10 -10 -9 -9 -9 -8 -8 -8 -8 -8 -8 -8 -8 -8 -7 -7 -7 -7 -7 -7 -6 -6 -6 -6 -6 -6 -6 -5 -5 -5 -5 -4 ------- Run | Jun Mat Min Mat Min Exi Min Mat Gar Mat Gar Mat Gar Mat Gar Fac Gar Fac Low Low Dat Pro Fac Gar Fac Gar Fac Gar Fac Upp Upp War Pro Peak Influence 1204 | 5 306 155 418 365 . 101 188 710 369 1204 596 1140 571 1064 719 1158 616 . . . . 393 1114 695 1146 628 751 420 . . . . Initial 607 | . 3 85 60 160 . . 39 65 345 104 586 19 555 143 558 206 607 . . . . 32 196 584 198 601 177 394 . . . . Average 417 | 1 167 112 233 179 . 41 93 403 213 650 216 620 299 636 456 640 481 . . . . 117 744 444 669 388 459 313 . . . . Maximum Alert Level 4 | . 1 . 2 1 . . . 3 1 4 2 4 2 3 3 4 2 . . . . 1 4 2 4 2 3 2 . . . . Low Security (%) 26 | 100 49 100 42 82 . 100 100 22 45 8 62 7 1 10 . . . . . . . 83 3 . 5 2 5 9 . . . . Level 1 31 | . 50 . 52 17 . . . 24 54 19 11 16 94 13 29 27 28 . . . . 16 8 61 21 65 41 59 . . . . Level 2 23 | . . . 5 . . . . 44 . 27 25 31 4 26 51 29 71 . . . . . 32 38 22 32 44 30 . . . . Level 3 15 | . . . . . . . . 8 . 28 . 37 . 49 18 30 . . . . . . 46 . 49 . 8 . . . . . Level 4 2 | . . . . . . . . . . 16 . 5 . . . 12 . . . . . . 8 . 2 . . . . . . . Level 5 . | . . . . . . . . . . . . . . . . . . . . . . . . . . . . . . . . . High Security . | . . . . . . . . . . . . . . . . . . . . . . . . . . . . . . . . . Max Security . | . . . . . . . . . . . . . . . . . . . . . . . . . . . . . . . . . Squads Dispatched 28 | . 4 . 3 . . . 2 . 2 . . . 1 . 2 . . . . . . 4 . 5 . 5 . . . . . . Investigation 5 | . 2 . 1 . . . . . . . . . . . 1 . . . . . . . . . . 1 . . . . . . Extermination 7 | . . . . . . . . . . . . . . . 1 . . . . . . 2 . 3 . 1 . . . . . . Reinforcement 16 | . 2 . 2 . . . 2 . 2 . . . 1 . . . . . . . . 2 . 2 . 3 . . . . . . Assault . | . . . . . . . . . . . . . . . . . . . . . . . . . . . . . . . . . Garrison . | . . . . . . . . . . . . . . . . . . . . . . . . . . . . . . . . . Intercept . | . . . . . . . . . . . . . . . . . . . . . . . . . . . . . . . . . Searches Triggered . | . . . . . . . . . . . . . . . . . . . . . . . . . . . . . . . . . Data Miner Redirects 1 | . . . . . . . . . . . . . . . . . . . . . . . . . . 1 . . . . . . Construction Impeded 2 | . . . . . . . 2 . . . . . . . . . . . . . . . . . . . . . . . . . Haulers Reinforced 2 | . . . . . . . . . . . . . . . . . . . . . . 1 . 1 . . . . . . . . Active Scanning Responses . | . . . . . . . . . . . . . . . . . . . . . . . . . . . . . . . . . Cargo Convoy Interrupts 1 | . . . . . . . . . . . . . . . . . . . . . . . . 1 . . . . . . . . Stealth | -11 -10 -10 -9 -9 -9 -8 -8 -8 -8 -8 -8 -8 -8 -8 -7 -7 -7 -7 -7 -7 -6 -6 -6 -6 -6 -6 -6 -5 -5 -5 -5 -4 --------- Run | Jun Mat Min Mat Min Exi Min Mat Gar Mat Gar Mat Gar Mat Gar Fac Gar Fac Low Low Dat Pro Fac Gar Fac Gar Fac Gar Fac Upp Upp War Pro Distress Signals 15 | . 1 . 4 . . . 2 . . . . . . . . . . . . . 2 1 . . . 1 . 1 . . 3 . Communications Jammed 82 | . . . . . . . . . 30 . . . 7 . 25 . . . . . 2 14 . 1 . . . 3 . . . . Distress Signals 78 | . . . . . . . . . 30 . . . 7 . 25 . . . . . . 13 . 1 . . . 2 . . . . Times Spotted 458 | . 20 4 42 12 . 8 22 14 26 26 3 27 12 17 9 28 4 17 8 . 7 22 25 19 40 3 16 3 . . 24 . Peak Tracking Total 8 | . 5 3 8 6 . 4 4 3 4 5 2 4 2 4 5 5 2 4 3 . 2 3 4 5 5 1 3 1 . . 8 . Tactical Retreats 36 | . 4 1 3 2 . . . . 3 1 . . 2 . 1 5 . 1 . . . . . 2 9 . 2 . . . . . Traps | -11 -10 -10 -9 -9 -9 -8 -8 -8 -8 -8 -8 -8 -8 -8 -7 -7 -7 -7 -7 -7 -6 -6 -6 -6 -6 -6 -6 -5 -5 -5 -5 -4 ------- Run | Jun Mat Min Mat Min Exi Min Mat Gar Mat Gar Mat Gar Mat Gar Fac Gar Fac Low Low Dat Pro Fac Gar Fac Gar Fac Gar Fac Upp Upp War Pro Traps Triggered 67 | . 1 . 2 . . . 1 10 1 2 1 7 . 11 1 4 1 . . . . 2 7 3 5 . 7 1 . . . . Indirectly . | . . . . . . . . . . . . . . . . . . . . . . . . . . . . . . . . . Trap Hack Attempts . | . . . . . . . . . . . . . . . . . . . . . . . . . . . . . . . . . Triggered . | . . . . . . . . . . . . . . . . . . . . . . . . . . . . . . . . . Disarmed . | . . . . . . . . . . . . . . . . . . . . . . . . . . . . . . . . . Reprogrammed 4 | . . . 4 . . . . . . . . . . . . . . . . . . . . . . . . . . . . . Reused . | . . . . . . . . . . . . . . . . . . . . . . . . . . . . . . . . . Traps Extracted . | . . . . . . . . . . . . . . . . . . . . . . . . . . . . . . . . . Installed . | . . . . . . . . . . . . . . . . . . . . . . . . . . . . . . . . . Triggered 20 | . 1 . . . . . . . . . . . . . . 1 . . . . . . . 2 . . . . . . 16 . Machines | -11 -10 -10 -9 -9 -9 -8 -8 -8 -8 -8 -8 -8 -8 -8 -7 -7 -7 -7 -7 -7 -6 -6 -6 -6 -6 -6 -6 -5 -5 -5 -5 -4 ---------- Run | Jun Mat Min Mat Min Exi Min Mat Gar Mat Gar Mat Gar Mat Gar Fac Gar Fac Low Low Dat Pro Fac Gar Fac Gar Fac Gar Fac Upp Upp War Pro Machines Disabled 95 | . . . 1 . . . 1 8 1 16 . 12 3 6 1 8 2 2 2 . . 6 9 . 7 2 7 . . 1 . . Max in Single Turn 5 | . . . 1 . . . 1 1 1 2 . 1 1 1 1 1 1 1 1 . . 5 1 . 2 1 1 . . 1 . . Garrison Access 5 | . . . . . . . . . . . . . . . 1 . . . . . . 1 . . . 1 . 2 . . . . Garrison Relay 32 | . . . . . . . . 3 . 4 . 8 . 5 . 4 . . . . . . 4 . 1 . 3 . . . . . Phase Generator 1 | . . . . . . . . . . 1 . . . . . . . . . . . . . . . . . . . . . . Machines Repaired . | . . . . . . . . . . . . . . . . . . . . . . . . . . . . . . . . . Machines Sabotaged . | . . . . . . . . . . . . . . . . . . . . . . . . . . . . . . . . . Overloaded Fab Kills . | . . . . . . . . . . . . . . . . . . . . . . . . . . . . . . . . . Hacking | -11 -10 -10 -9 -9 -9 -8 -8 -8 -8 -8 -8 -8 -8 -8 -7 -7 -7 -7 -7 -7 -6 -6 -6 -6 -6 -6 -6 -5 -5 -5 -5 -4 --------- Run | Jun Mat Min Mat Min Exi Min Mat Gar Mat Gar Mat Gar Mat Gar Fac Gar Fac Low Low Dat Pro Fac Gar Fac Gar Fac Gar Fac Upp Upp War Pro Machines Accessed 112 | . 4 . 11 . 3 . 6 2 5 4 8 4 6 4 7 3 5 . 1 4 . 3 1 8 2 5 2 4 2 1 7 . Terminals 76 | . 4 . 11 . . . 5 2 4 4 6 4 5 4 4 3 4 . 1 . . . 1 6 2 2 2 2 . . . . Fabricators 4 | . . . . . . . . . . . . . . . 1 . . . . . . 1 . 1 . 1 . . . . . . Repair Stations 1 | . . . . . . . . . . . 1 . . . . . . . . . . . . . . . . . . . . . Recycling Units . | . . . . . . . . . . . . . . . . . . . . . . . . . . . . . . . . . Scanalyzers 1 | . . . . . . . . . . . . . . . . . 1 . . . . . . . . . . . . . . . Garrison Access 13 | . . . . . . . 1 . 1 . 1 . 1 . 2 . . . . . . 2 . 1 . 2 . 2 . . . . Total Hacks 333 | . 15 . 29 . 3 . 17 6 24 13 19 12 18 12 22 8 22 . 2 25 . 7 4 19 6 13 4 8 2 1 22 . Successful 196 | . 6 . 20 . 3 . 11 3 9 6 12 3 8 3 15 5 13 . 2 25 . 4 1 7 3 6 1 5 2 1 22 . Failed 137 | . 9 . 9 . . . 6 3 15 7 7 9 10 9 7 3 9 . . . . 3 3 12 3 7 3 3 . . . . Catastrophic 30 | . 1 . 1 . . . . 1 4 1 . 2 4 2 2 1 2 . . . . . 2 3 1 2 1 . . . . . Database Lockouts . | . . . . . . . . . . . . . . . . . . . . . . . . . . . . . . . . . Manual 157 | . 9 . 16 . 1 . 14 1 15 7 12 1 15 3 12 5 14 . . . . . 1 12 4 6 2 5 . . 2 . Terminals 245 | . 15 . 29 . . . 16 6 23 13 15 12 17 12 16 8 15 . 2 . . . 4 16 6 10 4 6 . . . . Fabricators 9 | . . . . . . . . . . . . . . . 2 . . . . . . 4 . 2 . 1 . . . . . . Repair Stations 3 | . . . . . . . . . . . 3 . . . . . . . . . . . . . . . . . . . . . Recycling Units . | . . . . . . . . . . . . . . . . . . . . . . . . . . . . . . . . . Scanalyzers 7 | . . . . . . . . . . . . . . . . . 7 . . . . . . . . . . . . . . . Garrison Access 16 | . . . . . . . 1 . 1 . 1 . 1 . 4 . . . . . . 3 . 1 . 2 . 2 . . . . Terminal Hacks 141 | . 5 . 17 . 3 . 8 2 5 4 7 3 5 3 8 3 3 . 2 25 . . 1 4 2 3 1 2 2 1 22 . Record 32 | . . . . . 2 . . . . . . . . . . . . . 2 11 . . . . . . . . 1 1 15 . Part Schematic 8 | . . . . . . . . . . . . . . . . . . . . 8 . . . . . . . . . . . . Robot Schematic 3 | . . . . . . . . . . . . . . . . . . . . 3 . . . . . . . . . . . . Robot Analysis 7 | . 1 . 3 . . . 2 . . . . . . . 1 . . . . . . . . . . . . . . . . . Prototype ID Bank 22 | . 3 . 4 . . . . . 1 . . . . . 2 . 2 . . 3 . . . . . . . 1 . . 6 . Open Door 6 | . . . . . . . . . . 1 . 1 . 1 . 1 . . . . . . . . . . . . 1 . 1 . Branch Access Points 4 | . . . 1 . . . 1 . . . . . . . 1 . . . . . . . . . . . . 1 . . . . Emergency Access Points 7 | . . . . . . . . 1 . 1 . 1 . 1 . 1 . . . . . . 1 . 1 . . . . . . . Terminal Index 5 | . . . . . . . . . 1 . 1 . 1 . 1 . . . . . . . . 1 . . . . . . . . Repair Station Index 1 | . . . . . . . . . . . 1 . . . . . . . . . . . . . . . . . . . . . Garrison Index 4 | . . . . . . . 1 . . . 1 . 1 . 1 . . . . . . . . . . . . . . . . . Alert Level 3 | . . . 3 . . . . . . . . . . . . . . . . . . . . . . . . . . . . . Unreport Threat 18 | . . . 2 . . . 1 . 2 . 3 . 3 . 2 . 1 . . . . . . 2 . 2 . . . . . . Locate Traps 5 | . . . 2 . . . . . . . 1 . . . . . . . . . . . . 1 . 1 . . . . . . Reprogram Traps 1 | . . . 1 . . . . . . . . . . . . . . . . . . . . . . . . . . . . . Recall Reinforcements 1 | . . . . . . . 1 . . . . . . . . . . . . . . . . . . . . . . . . . Hauler Manifests 4 | . 1 . 1 . . . 1 . 1 . . . . . . . . . . . . . . . . . . . . . . . Registered Components 1 | . . . . . . . 1 . . . . . . . . . . . . . . . . . . . . . . . . . Garrison Registry 2 | . . . . . . . . . . 1 . . . . . . . . . . . . . . . . 1 . . . . . Patrol Navigation 4 | . . . . . . . . . . 1 . 1 . 1 . 1 . . . . . . . . . . . . . . . . Security Stations 2 | . . . . . . . . 1 . . . . . . . . . . . . . . . . 1 . . . . . . . EX-Prototype ID Bank 1 | . . . . . 1 . . . . . . . . . . . . . . . . . . . . . . . . . . . Fabricator Hacks 6 | . . . . . . . . . . . . . . . 2 . . . . . . 2 . 1 . 1 . . . . . . Network Status 3 | . . . . . . . . . . . . . . . 1 . . . . . . 1 . 1 . . . . . . . . Build 3 | . . . . . . . . . . . . . . . 1 . . . . . . 1 . . . 1 . . . . . . Repair Station Hacks 2 | . . . . . . . . . . . 2 . . . . . . . . . . . . . . . . . . . . . Scan Component 1 | . . . . . . . . . . . 1 . . . . . . . . . . . . . . . . . . . . . Repair 1 | . . . . . . . . . . . 1 . . . . . . . . . . . . . . . . . . . . . Recycling Unit Hacks . | . . . . . . . . . . . . . . . . . . . . . . . . . . . . . . . . . Scanalyzer 7 | . . . . . . . . . . . . . . . . . 7 . . . . . . . . . . . . . . . Insert Component 3 | . . . . . . . . . . . . . . . . . 3 . . . . . . . . . . . . . . . Analyze 4 | . . . . . . . . . . . . . . . . . 4 . . . . . . . . . . . . . . . Garrison Access Hacks 12 | . . . . . . . 1 . 1 . 1 . 1 . 1 . . . . . . 2 . 1 . 2 . 2 . . . . Unlock Access 8 | . . . . . . . 1 . 1 . 1 . 1 . 1 . . . . . . 1 . 1 . 1 . . . . . . Seal Access 4 | . . . . . . . . . . . . . . . . . . . . . . 1 . . . 1 . 2 . . . . Unauthorized Hacks 28 | . 1 . 3 . . . 2 1 3 2 2 . 2 . 4 2 3 . . . . . . 1 1 . . 1 . . . . Terminals 27 | . 1 . 3 . . . 2 1 3 2 2 . 2 . 3 2 3 . . . . . . 1 1 . . 1 . . . . Assimilate 3 | . . . . . . . . . . . . . . . 1 . 2 . . . . . . . . . . . . . . . Botnet 21 | . 1 . 3 . . . 2 1 2 2 2 . 1 . 2 1 1 . . . . . . 1 1 . . 1 . . . . Operators 2 | . . . . . . . . . 1 . . . 1 . . . . . . . . . . . . . . . . . . . Override 1 | . . . . . . . . . . . . . . . . 1 . . . . . . . . . . . . . . . . Fabricators . | . . . . . . . . . . . . . . . . . . . . . . . . . . . . . . . . . Repair Stations . | . . . . . . . . . . . . . . . . . . . . . . . . . . . . . . . . . Recycling Units . | . . . . . . . . . . . . . . . . . . . . . . . . . . . . . . . . . Scanalyzers . | . . . . . . . . . . . . . . . . . . . . . . . . . . . . . . . . . Garrison Access 1 | . . . . . . . . . . . . . . . 1 . . . . . . . . . . . . . . . . . Jam 1 | . . . . . . . . . . . . . . . 1 . . . . . . . . . . . . . . . . . Data Cores Recovered 4 | . . . . . . . 1 . . . . . 1 . . . . . . . . . . 1 . . . 1 . . . . Used 3 | . . . . . . . 1 . . . . . 1 . . . . . . . . . . 1 . . . . . . . . Hacking Detections 63 | . 4 . 9 . . . 2 1 4 2 5 4 4 3 2 2 4 . 1 . . 1 1 8 2 2 1 1 . . . . Full Trace Events 6 | . 1 . . . . . . . . 1 . 1 . 2 . . . . . . . . . . . 1 . . . . . . Feedback Events 1 | . 1 . . . . . . . . . . . . . . . . . . . . . . . . . . . . . . . Corruption 1 | . 1 . . . . . . . . . . . . . . . . . . . . . . . . . . . . . . . Feedback Blocked . | . . . . . . . . . . . . . . . . . . . . . . . . . . . . . . . . . Robot Schematics Acquired 3 | . . . . . . . . . . . . . . . . . . . . 3 . . . . . . . . . . . . Robots Built 8 | . . . . . . . . . . . . . . . 3 . . . . . . 2 . . . 3 . . . . . . Authchips . | . . . . . . . . . . . . . . . . . . . . . . . . . . . . . . . . . Time 344 | . . . . . . . . . . . . . . . 116 . . . . . . 76 . . . 152 . . . . . . Total Robot Build Rating 34 | . . . . . . . . . . . . . . . 9 . . . . . . 10 . . . 15 . . . . . . Part Schematics Acquired 11 | . . . . . . . . . . . . . . . . . 3 . . 8 . . . . . . . . . . . . Parts Built . | . . . . . . . . . . . . . . . . . . . . . . . . . . . . . . . . . Authchips . | . . . . . . . . . . . . . . . . . . . . . . . . . . . . . . . . . Time . | . . . . . . . . . . . . . . . . . . . . . . . . . . . . . . . . . Total Part Build Rating . | . . . . . . . . . . . . . . . . . . . . . . . . . . . . . . . . . Parts Repaired 1 | . . . . . . . . . . . 1 . . . . . . . . . . . . . . . . . . . . . Time 30 | . . . . . . . . . . . 30 . . . . . . . . . . . . . . . . . . . . . Parts Recycled . | . . . . . . . . . . . . . . . . . . . . . . . . . . . . . . . . . Recycled Matter . | . . . . . . . . . . . . . . . . . . . . . . . . . . . . . . . . . Retrieved Matter . | . . . . . . . . . . . . . . . . . . . . . . . . . . . . . . . . . Retrieved Components . | . . . . . . . . . . . . . . . . . . . . . . . . . . . . . . . . . Parts Scanalyzed 3 | . . . . . . . . . . . . . . . . . 3 . . . . . . . . . . . . . . . Part Schematics Acquired 3 | . . . . . . . . . . . . . . . . . 3 . . . . . . . . . . . . . . . Parts Damaged . | . . . . . . . . . . . . . . . . . . . . . . . . . . . . . . . . . Bothacking | -11 -10 -10 -9 -9 -9 -8 -8 -8 -8 -8 -8 -8 -8 -8 -7 -7 -7 -7 -7 -7 -6 -6 -6 -6 -6 -6 -6 -5 -5 -5 -5 -4 ------------ Run | Jun Mat Min Mat Min Exi Min Mat Gar Mat Gar Mat Gar Mat Gar Fac Gar Fac Low Low Dat Pro Fac Gar Fac Gar Fac Gar Fac Upp Upp War Pro Used RIF Installer . | . . . . . . . . . . . . . . . . . . . . . . . . . . . . . . . . . Robots Hacked . | . . . . . . . . . . . . . . . . . . . . . . . . . . . . . . . . . Non-combat . | . . . . . . . . . . . . . . . . . . . . . . . . . . . . . . . . . Combat . | . . . . . . . . . . . . . . . . . . . . . . . . . . . . . . . . . Robot Hacks Applied . | . . . . . . . . . . . . . . . . . . . . . . . . . . . . . . . . . Relay Couplers Released 56 | . . . . . . . . 5 . 8 . 13 . 9 . 6 . . . . . . 7 . 2 . 6 . . . . . Machine Destruction 56 | . . . . . . . . 5 . 8 . 13 . 9 . 6 . . . . . . 7 . 2 . 6 . . . . . Fabnet Peak Effective % . | . . . . . . . . . . . . . . . . . . . . . . . . . . . . . . . . . Robots Rewired 18 | . . . . . . . . 3 . . . 3 . 2 . . . 2 . . . . . . 3 . . . . . 5 . Allies Hacked . | . . . . . . . . . . . . . . . . . . . . . . . . . . . . . . . . . Hacks Repelled . | . . . . . . . . . . . . . . . . . . . . . . . . . . . . . . . . . Allies | -11 -10 -10 -9 -9 -9 -8 -8 -8 -8 -8 -8 -8 -8 -8 -7 -7 -7 -7 -7 -7 -6 -6 -6 -6 -6 -6 -6 -5 -5 -5 -5 -4 -------- Run | Jun Mat Min Mat Min Exi Min Mat Gar Mat Gar Mat Gar Mat Gar Fac Gar Fac Low Low Dat Pro Fac Gar Fac Gar Fac Gar Fac Upp Upp War Pro Total Allies 33 | . . . . . . . . 3 . 1 . 3 . 2 4 1 1 2 . . 1 2 . . 5 3 . . . . 5 . Largest Group 5 | . . . . . . . . 3 . 1 . 3 . 2 4 4 1 2 2 . 1 2 . . 3 3 . . . . 5 . Highest-Rated Group 264 | . . . . . . . . 15 . 31 . 82 . 45 58 58 10 52 52 . 96 86 . . 92 87 . . . . 264 . Highest-Rated Ally 96 | . . . . . . . . 5 . 31 . 31 . 25 16 39 10 32 32 . 96 43 . . 46 29 . . . . 68 . Warlord Squad Rendezvous 9 | . . . . . . . . . . . . . . . . . . . . . . 3 . 1 . 3 . 2 . . . . Dakka 1 | . . . . . . . . . . . . . . . . . . . . . . . . 1 . . . . . . . . Infantry 2 | . . . . . . . . . . . . . . . . . . . . . . 1 . . . 1 . . . . . . Muscle 2 | . . . . . . . . . . . . . . . . . . . . . . 1 . . . . . 1 . . . . Ranger 1 | . . . . . . . . . . . . . . . . . . . . . . . . . . 1 . . . . . . Pyro 1 | . . . . . . . . . . . . . . . . . . . . . . . . . . 1 . . . . . . Chimera 2 | . . . . . . . . . . . . . . . . . . . . . . 1 . . . . . 1 . . . . Total Orders 6 | . . . . . . . . . . . . . . . . 2 2 . . . . . . . 2 . . . . . . . STAY 3 | . . . . . . . . . . . . . . . . 1 1 . . . . . . . 1 . . . . . . . FOLLOW 2 | . . . . . . . . . . . . . . . . 1 1 . . . . . . . . . . . . . . . AID 1 | . . . . . . . . . . . . . . . . . . . . . . . . . 1 . . . . . . . Ally Attacks 186 | . . . . . . . . 7 . 7 . 24 . 9 . 31 . 4 8 . 5 5 . . 28 23 . . . . 35 . Total Damage 4190 | . . . . . . . . 35 . 62 . 441 . 236 . 371 . 147 180 . 138 143 . . 587 342 . . . . 1508 . Kills 29 | . . . . . . . . . . 1 . 4 . 1 . 4 . 2 1 . 1 1 . . 2 4 . . . . 8 . Allies Corrupted 3 | . . . . . . . . . . . . . . . . . . . . . 1 . . . . 1 . . . . 1 . Allies Melted 1 | . . . . . . . . . . . . . . . . . . . . . . . . . . . . . . . 1 . Intel | -11 -10 -10 -9 -9 -9 -8 -8 -8 -8 -8 -8 -8 -8 -8 -7 -7 -7 -7 -7 -7 -6 -6 -6 -6 -6 -6 -6 -5 -5 -5 -5 -4 ------- Run | Jun Mat Min Mat Min Exi Min Mat Gar Mat Gar Mat Gar Mat Gar Fac Gar Fac Low Low Dat Pro Fac Gar Fac Gar Fac Gar Fac Upp Upp War Pro Robot Analysis Total 7 | . 1 . 3 . . . 2 . . . . . . . 1 . . . . . . . . . . . . . . . . . Derelict Logs Recovered 6 | . . 1 . 1 . . . . . . . . . . . . . 1 1 . 1 . . . . . . . . 1 . . Drone Launches . | . . . . . . . . . . . . . . . . . . . . . . . . . . . . . . . . . Drone Recoveries . | . . . . . . . . . . . . . . . . . . . . . . . . . . . . . . . . . Exploration | -11 -10 -10 -9 -9 -9 -8 -8 -8 -8 -8 -8 -8 -8 -8 -7 -7 -7 -7 -7 -7 -6 -6 -6 -6 -6 -6 -6 -5 -5 -5 -5 -4 ------------- Run | Jun Mat Min Mat Min Exi Min Mat Gar Mat Gar Mat Gar Mat Gar Fac Gar Fac Low Low Dat Pro Fac Gar Fac Gar Fac Gar Fac Upp Upp War Pro Turns Passed 29500 | 25 797 262 1868 774 266 505 1028 1313 941 1307 703 1412 759 1515 997 1842 557 1414 601 162 663 1264 1425 1259 1229 664 1092 883 567 349 1057 . Spaces Moved 19637 | 15 514 202 1310 642 251 409 725 883 545 845 456 901 382 924 662 1220 373 999 415 133 487 784 861 875 706 445 550 645 460 282 736 . Core . | . . . . . . . . . . . . . . . . . . . . . . . . . . . . . . . . . Treads 1 | . . . 1 . . . . . . . . . . . . . . . . . . . . . . . . . . . . . Legs 1001 | 15 514 202 270 . . . . . . . . . . . . . . . . . . . . . . . . . . . . . Wheels 18635 | . . . 1039 642 251 409 725 883 545 845 456 901 382 924 662 1220 373 999 415 133 487 784 861 875 706 445 550 645 460 282 736 . Hover . | . . . . . . . . . . . . . . . . . . . . . . . . . . . . . . . . . Flight . | . . . . . . . . . . . . . . . . . . . . . . . . . . . . . . . . . Fastest Speed 80 | 120 120 120 80 100 105 105 105 105 120 120 120 105 120 120 120 106 122 122 122 122 122 122 122 122 122 122 122 122 122 122 122 . Average Speed 117 | 120 120 120 100 104 105 105 105 117 120 120 120 117 120 120 120 120 122 122 122 122 122 122 122 122 122 122 122 122 122 122 123 . Slowest Speed 160 | 120 120 120 160 105 105 105 105 120 120 120 120 120 120 120 120 122 122 122 122 122 122 122 122 122 122 122 122 122 122 122 138 . Overloaded Moves . | . . . . . . . . . . . . . . . . . . . . . . . . . . . . . . . . . Propulsion Burnouts . | . . . . . . . . . . . . . . . . . . . . . . . . . . . . . . . . . Robots Hopped . | . . . . . . . . . . . . . . . . . . . . . . . . . . . . . . . . . Cave-ins Triggered . | . . . . . . . . . . . . . . . . . . . . . . . . . . . . . . . . . Exploration Rate (%) 57 | 2 65 47 95 94 62 89 48 82 54 85 40 84 50 96 20 97 12 96 63 71 64 24 67 26 58 18 57 15 67 50 90 3 Regions Visited 32 Branch Regions 12 Pre-discovered Areas 3 | . . . . . 1 . . . . . . . . . . . . 1 . 1 . . . . . . . . . . . . Known Exits Taken 12 | . . . 1 . . . 1 . 1 . 1 . 1 . 1 . 1 . . . . 1 . 1 . 1 . 1 1 . . . Unknown Exits Taken 12 | 1 1 1 . 1 1 1 . . . . . . . . . . . 1 1 1 1 . . . . . . . . 1 1 . Scrap Searched 19 | . . 1 . 4 . 1 . . . . . . . . . . . 5 3 . 1 . . . . . . . 2 2 . . Spaces Dug 241 | . . . . . . . 4 3 2 15 15 6 13 8 13 11 11 2 12 . . 18 47 21 4 11 14 10 . 1 . . Terrain Destroyed 902 | 2 6 . . 4 . 26 24 37 21 221 16 27 28 51 26 42 15 14 22 . 19 61 79 31 22 12 55 14 20 1 6 . Melee . | . . . . . . . . . . . . . . . . . . . . . . . . . . . . . . . . . Projectile 458 | . . . . 4 . . 24 16 21 28 16 20 23 28 21 28 15 14 11 . 9 36 35 31 11 12 34 14 . 1 6 . AOE 444 | 2 6 . . . . 26 . 21 . 193 . 7 5 23 5 14 . . 11 . 10 25 44 . 11 . 21 . 20 . . . Terrain Rammed . | . . . . . . . . . . . . . . . . . . . . . . . . . . . . . . . . . Walls Destroyed . | . . . . . . . . . . . . . . . . . . . . . . . . . . . . . . . . . Machines Disabled . | . . . . . . . . . . . . . . . . . . . . . . . . . . . . . . . . . Actions | -11 -10 -10 -9 -9 -9 -8 -8 -8 -8 -8 -8 -8 -8 -8 -7 -7 -7 -7 -7 -7 -6 -6 -6 -6 -6 -6 -6 -5 -5 -5 -5 -4 --------- Run | Jun Mat Min Mat Min Exi Min Mat Gar Mat Gar Mat Gar Mat Gar Fac Gar Fac Low Low Dat Pro Fac Gar Fac Gar Fac Gar Fac Upp Upp War Pro Total 24136 | 20 618 210 1712 706 253 463 913 1073 764 1015 590 1144 633 1231 831 1474 444 1134 470 132 530 986 1098 987 954 541 896 713 463 285 853 . Wait 2415 | 1 52 4 231 29 . 32 109 50 150 54 109 109 206 134 136 142 46 67 14 . 27 118 93 44 107 70 235 32 . . 14 . Move 19604 | 14 513 201 1309 641 250 408 724 882 545 844 455 900 381 923 661 1217 372 998 414 132 486 783 860 874 705 444 549 644 459 281 735 . Hop . | . . . . . . . . . . . . . . . . . . . . . . . . . . . . . . . . . Pick Up 26 | . . . 11 1 1 . 3 . 2 1 1 . . . 1 . . 1 . . . . . . 1 . . 1 . 1 1 . Fast Attach 75 | 2 4 . 12 3 1 . 5 6 1 2 . 2 1 . 2 4 . 2 1 . . 4 1 1 3 1 3 2 . . 12 . Attach 8 | . . . 3 . . . 1 . . . . . . . 2 . . 1 . . . . . . . . . . . 1 . . Detach 6 | . . . 3 . . . . . . . . . . . 1 1 . . . . . . . . . . . . . . 1 . Swap 225 | 1 3 . 12 3 . 6 11 14 11 20 4 8 13 9 3 8 9 10 5 . 2 15 8 9 14 9 3 11 3 . 1 . Drop 102 | 1 4 . 24 4 1 . 9 7 2 5 . 2 . . 2 8 . . 1 . . 2 . 2 7 2 3 4 . . 12 . Fire 960 | 1 36 5 72 17 . 9 35 45 28 64 17 61 27 53 21 61 17 22 18 . 10 50 76 43 54 15 56 19 1 2 25 . Melee . | . . . . . . . . . . . . . . . . . . . . . . . . . . . . . . . . . Ram . | . . . . . . . . . . . . . . . . . . . . . . . . . . . . . . . . . Kick . | . . . . . . . . . . . . . . . . . . . . . . . . . . . . . . . . . Crush 3 | . . . . . . . 2 . 1 . . . . . . . . . . . . . . . . . . . . . . . Escape Stasis 272 | . . . . . . . . 16 . 8 . 24 . 88 . 16 . . . . . . 48 . 32 . 40 . . . . . Rewire 105 | . . . . . . . . 23 . . . 17 . 6 . . . 12 . . . . . . 4 . 1 . . . 42 . Trap . | . . . . . . . . . . . . . . . . . . . . . . . . . . . . . . . . . Miscellaneous 335 | . 6 . 35 8 . 8 14 30 24 17 4 21 5 18 2 17 . 21 17 . 5 14 12 14 27 . 6 . . . 10 . Route ------- -11/Junkyard -10/Materials (discovered 2 exits: *Mat / [*Min]) -10/Mines (discovered 2 exits: *Mat x2) -9/Materials (discovered 6 exits: *Mat x3 / *Min x2 / *Sto) -9/Mines (discovered 3 exits: *Mat x2 / *Exi) -9/Exiles -8/Mines (discovered 2 exits: *Mat x2) -8/Materials (discovered 2 exits: *Fac / Gar) -8/Garrison (discovered 3 exits: *Mat x3) -8/Materials (discovered 3 exits: *Fac x2 / Gar) -8/Garrison (discovered 3 exits: *Mat x3) -8/Materials (discovered 2 exits: Fac / Gar) -8/Garrison (discovered 3 exits: *Mat x3) -8/Materials (discovered 2 exits: *Fac / Gar) -8/Garrison (discovered 3 exits: *Fac x3) -7/Factory (discovered 3 exits: *Low x2 / Gar) -7/Garrison (discovered 3 exits: *Fac x3) -7/Factory -7/Lower Caves (discovered 2 exits: *Low / [*Zio]) -7/Lower Caves (discovered 2 exits: Fac / *Dat) -7/Data Miner -6/Proximity Caves -6/Factory (discovered 5 exits: Fac x2 / Low x2 / Gar) -6/Garrison (discovered 2 exits: *Fac x2) -6/Factory (discovered 3 exits: *Fac / *Low / Gar) -6/Garrison (discovered 2 exits: *Fac x2) -6/Factory (discovered 2 exits: Fac / Gar) -6/Garrison (discovered 3 exits: *Fac x3) -5/Factory (discovered 3 exits: *Fac / *Upp x2) -5/Upper Caves -5/Upper Caves (discovered 2 exits: Fac / *War) -5/Warlord -4/Proximity Caves History --------- Turn | Location | Event 1 | -11/Junkyard | Upgraded with Propulsion slot (x1) 1 | -11/Junkyard | Upgraded with Weapon slot (x1) 1 | -11/Junkyard | Discovered new exit (range 1) 26 | -11/Junkyard | Entered Materials 184 | -10/Materials | Upgraded with Weapon slot (x1) 270 | -10/Materials | Core integrity fell below 50% 495 | -10/Materials | Build established: Skirmisher 501 | -10/Materials | Upgraded with Utility slot (x1) 555 | -10/Materials | Discovered new exit (range 7) 802 | -10/Materials | Discovered new exit (range 15) 823 | -10/Materials | Entered Mines 825 | -10/Mines | Reached level 2 870 | -10/Mines | Met a Derelict bent on vengeance 905 | -10/Mines | Learned location of 1 exit from Materials 939 | -10/Mines | Discovered new exit (range 13) 940 | -10/Mines | Discovered new exit (range 9) 1085 | -10/Mines | Entered Materials 1086 | -9/Materials | Identified exit to Mines 1087 | -9/Materials | Reached level 3 1102 | -9/Materials | Identified exit to Storage 1135 | -9/Materials | Core integrity fell below 50% 1230 | -9/Materials | Upgraded with Propulsion slot (x1) 1230 | -9/Materials | Upgraded with Utility slot (x1) 1380 | -9/Materials | Reached level 4 1895 | -9/Materials | Build established: Scavenger-Tank 1898 | -9/Materials | Discovered new exit (range 5) 2048 | -9/Materials | Reached level 5 2367 | -9/Materials | Discovered new exit (range 7) 2769 | -9/Materials | Discovered new exit (range 14) 2880 | -9/Materials | Reached level 6 2953 | -9/Materials | Entered Mines 2982 | -9/Mines | Discovered new exit (range 16) 2988 | -9/Mines | Build established: Tank 3090 | -9/Mines | Assembled infested the area 3095 | -9/Mines | Assisted by a Guerilla fighting off Assembled 3452 | -9/Mines | Deemed a non-threat by the Exiles lab entrance 3452 | -9/Mines | Discovered new exit (range 5) 3479 | -9/Mines | Discovered new exit (range 7) 3673 | -9/Mines | Upgraded with Power slot (x1) 3727 | -9/Mines | Entered Exiles 3729 | -9/Exiles | Reached level 7 3755 | -9/Exiles | Met 8R-AWN 3772 | -9/Exiles | Met EX-HEX 3802 | -9/Exiles | Met EX-BIN 3825 | -9/Exiles | Aligned with FarCom system 3826 | -9/Exiles | Given EX-Vault access code 3838 | -9/Exiles | Build established: Mutant 3851 | -9/Exiles | Opened EX-Vault 3859 | -9/Exiles | Upgraded with Utility slot (x1) 3859 | -9/Exiles | Found 0b10 Alert Chip 3900 | -9/Exiles | Warned to stay clear of 0b10 Research branches 3928 | -9/Exiles | Met EX-DEC 3933 | -9/Exiles | Learned location of Zion (-6) 3984 | -9/Exiles | Discovered new exit (range 10) 3993 | -9/Exiles | Left Exiles lab with 0b10 Alert Chip 3993 | -9/Exiles | Entered Mines 4038 | -8/Mines | Discovered new exit (range 3) 4165 | -8/Mines | Build established: Skirmisher 4208 | -8/Mines | Discovered new exit (range 6) 4473 | -8/Mines | Reached level 8 4498 | -8/Mines | Entered Materials 4500 | -8/Materials | Reached level 9 4633 | -8/Materials | Upgraded with Weapon slot (x1) 4831 | -8/Materials | Build established: Hacker-Skirmisher 4923 | -8/Materials | Discovered new exit (range 11) 5525 | -8/Materials | Identified exit to Garrison 5526 | -8/Materials | Entered Garrison 5528 | -8/Garrison | Reached level 10 5554 | -8/Garrison | Triggered checkpoint 5583 | -8/Garrison | Garrison Relay disabled 5642 | -8/Garrison | Learned Materials security intel 5701 | -8/Garrison | Upgraded with Utility slot (x1) 5745 | -8/Garrison | Triggered checkpoint 5854 | -8/Garrison | Triggered checkpoint 5934 | -8/Garrison | Discovered new exit (range 5) 6022 | -8/Garrison | Garrison Relay disabled 6022 | -8/Garrison | Reached level 11 6029 | -8/Garrison | Triggered checkpoint 6111 | -8/Garrison | Discovered new exit (range 3) 6243 | -8/Garrison | Triggered checkpoint 6335 | -8/Garrison | Discovered new exit (range 10) 6416 | -8/Garrison | Triggered checkpoint 6443 | -8/Garrison | Garrison Relay disabled 6698 | -8/Garrison | Upgraded with Utility slot (x1) 6839 | -8/Garrison | Entered Materials 7007 | -8/Materials | Reached level 12 7216 | -8/Materials | Discovered new exit (range 7) 7333 | -8/Materials | Build established: Hacker-Tank 7702 | -8/Materials | Discovered new exit (range 3) 7780 | -8/Materials | Identified exit to Garrison 7780 | -8/Materials | Entered Garrison 7814 | -8/Garrison | Triggered checkpoint 7838 | -8/Garrison | Garrison Relay disabled 7897 | -8/Garrison | Rescued a captive Derelict 7947 | -8/Garrison | Phase Generator disabled 8101 | -8/Garrison | Discovered new exit (range 62) 8101 | -8/Garrison | Discovered new exit (range 32) 8101 | -8/Garrison | Discovered new exit (range 72) 8128 | -8/Garrison | Triggered checkpoint 8174 | -8/Garrison | Triggered checkpoint 8178 | -8/Garrison | Destroyed 8 combat bots 8209 | -8/Garrison | Spotted B-75 Beast 8322 | -8/Garrison | Triggered checkpoint 8375 | -8/Garrison | Reached level 13 8421 | -8/Garrison | Garrison Relay disabled 8495 | -8/Garrison | Triggered checkpoint 8671 | -8/Garrison | Garrison Relay disabled 8710 | -8/Garrison | Triggered checkpoint 8901 | -8/Garrison | Spotted B-75 Beast 8901 | -8/Garrison | Spotted B-75 Beast 9087 | -8/Garrison | Entered Materials 9658 | -8/Materials | Repaired Broken Transmission Jammer 9737 | -8/Materials | Build established: Hacker-Mutant 9776 | -8/Materials | Discovered new exit (range 15) 9787 | -8/Materials | Identified exit to Garrison 9790 | -8/Materials | Entered Garrison 9843 | -8/Garrison | Garrison Relay disabled 9845 | -8/Garrison | Garrison Relay disabled 9847 | -8/Garrison | Garrison Relay disabled 9852 | -8/Garrison | Garrison Relay disabled 9890 | -8/Garrison | Triggered checkpoint 9902 | -8/Garrison | Garrison Relay disabled 10066 | -8/Garrison | Triggered checkpoint 10126 | -8/Garrison | Triggered checkpoint 10134 | -8/Garrison | Triggered checkpoint 10142 | -8/Garrison | Reached level 14 10263 | -8/Garrison | Discovered new exit (range 11) 10294 | -8/Garrison | Triggered checkpoint 10379 | -8/Garrison | Garrison Relay disabled 10682 | -8/Garrison | Discovered new exit (range 10) 10738 | -8/Garrison | Triggered checkpoint 10765 | -8/Garrison | Garrison Relay disabled 10991 | -8/Garrison | Discovered new exit (range 8) 11096 | -8/Garrison | Triggered checkpoint 11126 | -8/Garrison | Garrison Relay disabled 11202 | -8/Garrison | Entered Materials 11506 | -8/Materials | Upgraded with Utility slot (x1) 11730 | -8/Materials | Discovered new exit (range 4) 11957 | -8/Materials | Identified exit to Garrison 11961 | -8/Materials | Entered Garrison 12052 | -8/Garrison | Triggered checkpoint 12123 | -8/Garrison | Garrison Relay disabled 12133 | -8/Garrison | Garrison Relay disabled 12221 | -8/Garrison | Triggered checkpoint 12415 | -8/Garrison | Discovered new exit (range 13) 12432 | -8/Garrison | Triggered checkpoint 12459 | -8/Garrison | Build established: Hacker-Tank 12506 | -8/Garrison | Garrison Relay disabled 12883 | -8/Garrison | Reached level 15 12952 | -8/Garrison | Discovered new exit (range 11) 13002 | -8/Garrison | Triggered checkpoint 13025 | -8/Garrison | Garrison Relay disabled 13138 | -8/Garrison | Triggered checkpoint 13244 | -8/Garrison | Discovered new exit (range 9) 13276 | -8/Garrison | Triggered checkpoint 13339 | -8/Garrison | Garrison Relay disabled 13476 | -8/Garrison | Entered Factory 13629 | -7/Factory | Build established: Hacker-Mutant 13670 | -7/Factory | Identified exit to Lower Caves 13894 | -7/Factory | Reached level 16 14397 | -7/Factory | Identified exit to Garrison 14456 | -7/Factory | Fabricated G-47 Trooper? 14473 | -7/Factory | Entered Garrison 14473 | -7/Garrison | Warlord forces raided the area 14473 | -7/Garrison | Accompanied by 4 allies 14500 | -7/Garrison | Triggered checkpoint 14512 | -7/Garrison | Triggered checkpoint 14524 | -7/Garrison | Triggered checkpoint 14550 | -7/Garrison | Triggered checkpoint 14564 | -7/Garrison | Warlord forces retreated 14649 | -7/Garrison | Discovered new exit (range 15) 14828 | -7/Garrison | Triggered checkpoint 15104 | -7/Garrison | Triggered checkpoint 15157 | -7/Garrison | Discovered new exit (range 11) 15274 | -7/Garrison | Spotted B-75 Beast 15337 | -7/Garrison | Rescued a captive Derelict 15386 | -7/Garrison | Allies destroyed B-75 Beast 15515 | -7/Garrison | Triggered checkpoint 15543 | -7/Garrison | Garrison Relay disabled 15761 | -7/Garrison | Triggered checkpoint 15788 | -7/Garrison | Garrison Relay disabled 15864 | -7/Garrison | Triggered checkpoint 15885 | -7/Garrison | Discovered new exit (range 13) 16044 | -7/Garrison | Triggered checkpoint 16046 | -7/Garrison | Reached level 17 16063 | -7/Garrison | Garrison Relay disabled 16181 | -7/Garrison | Attempted to access garrison exit controls, blocked by remote lockdown 16226 | -7/Garrison | Identified exit to Factory 16315 | -7/Garrison | Entered Factory 16804 | -7/Factory | Discovered exit to Lower Caves (range 9) 16872 | -7/Factory | Entered Lower Caves 16872 | -7/Lower Caves | Accompanied by 1 ally 16896 | -7/Lower Caves | Met a Warlord Commander 16897 | -7/Lower Caves | Learned location of Warlord (-5) 16921 | -7/Lower Caves | Upgraded with Utility slot (x1) 16922 | -7/Lower Caves | Found Encrypted Comm Array 16943 | -7/Lower Caves | Learned Factory emergency access door positions 16981 | -7/Lower Caves | A Derelict revealed a hidden shortcut to a safe place 17156 | -7/Lower Caves | Build established: Hacker-Tank 17267 | -7/Lower Caves | Attracted the attention of an 0b10 outpost 17606 | -7/Lower Caves | Upgraded with Power slot (x1) 17738 | -7/Lower Caves | Discovered new exit (range 15) 18090 | -7/Lower Caves | Ambushed by research squad 18286 | -7/Lower Caves | Entered another Lower Caves area 18286 | -7/Lower Caves | Accompanied by 2 allies 18311 | -7/Lower Caves | Discovered new exit (range 15) 18380 | -7/Lower Caves | Encountered a Warlord checkpoint 18574 | -7/Lower Caves | Attracted the attention of an 0b10 base 18663 | -7/Lower Caves | Learned location of 2 exits from Upper Caves 18668 | -7/Lower Caves | Destroyed 7 combat bots 18736 | -7/Lower Caves | Discovered new exit (range 10) 18819 | -7/Lower Caves | Spotted B-75 Beast 18887 | -7/Lower Caves | Entered Data Miner 18887 | -7/Data Miner | Discovered new exit (range 6) 18909 | -7/Data Miner | Met Data Miner 18933 | -7/Data Miner | Learned location of Section 7 (-2) 18933 | -7/Data Miner | Acquired the access code to Warlord's prototype stash 18955 | -7/Data Miner | Received God Mode back door access code from Data Miner 19049 | -7/Data Miner | Entered Proximity Caves 19051 | -6/Proximity Caves | Reached level 18 19354 | -6/Proximity Caves | Received a Behemoth hack from an annoying Tinkerer 19469 | -6/Proximity Caves | Learned location of 2 exits from Factory 19496 | -6/Proximity Caves | Attracted the attention of an 0b10 checkpoint 19692 | -6/Proximity Caves | Discovered new exit (range 15) 19712 | -6/Proximity Caves | Entered Factory 19713 | -6/Factory | Identified exit to Lower Caves 19714 | -6/Factory | Identified exit to Factory 19852 | -6/Factory | Joined by Warlord Muscle squad 19994 | -6/Factory | Reached level 19 20185 | -6/Factory | Joined by Warlord Infantry squad 20275 | -6/Factory | P-60 Hacker assimilated allied 1O-03H(g) 20438 | -6/Factory | Fabricated X-67 Chaingunner? 20745 | -6/Factory | Joined by Warlord Chimera squad 20788 | -6/Factory | Destroyed 8 combat bots 20875 | -6/Factory | Found Prototype Processor 20875 | -6/Factory | Identified Exp. Targeting Computer 20876 | -6/Factory | Upgraded with Utility slot (x1) 20891 | -6/Factory | Identified exit to Garrison 20976 | -6/Factory | Entered Garrison 21038 | -6/Garrison | Garrison Relay disabled 21046 | -6/Garrison | Triggered checkpoint 21120 | -6/Garrison | Triggered checkpoint 21306 | -6/Garrison | Reached level 20 21525 | -6/Garrison | Spotted B-75 Beast 21548 | -6/Garrison | Spotted B-75 Beast 21615 | -6/Garrison | Discovered new exit (range 11) 21658 | -6/Garrison | Triggered checkpoint 21688 | -6/Garrison | Garrison Relay disabled 21771 | -6/Garrison | Triggered checkpoint 21830 | -6/Garrison | Garrison Relay disabled 21950 | -6/Garrison | Triggered checkpoint 21956 | -6/Garrison | Discovered new exit (range 13) 22050 | -6/Garrison | Garrison Relay disabled 22052 | -6/Garrison | Triggered checkpoint 22216 | -6/Garrison | Destroyed B-75 Beast 22275 | -6/Garrison | Destroyed B-75 Beast 22401 | -6/Garrison | Entered Factory 22452 | -6/Factory | Joined by Warlord Dakka squad 22765 | -6/Factory | Discovered exit to Factory (range 14) 23075 | -6/Factory | Spotted B-75 Beast 23571 | -6/Factory | Cargo convoy interrupted 23652 | -6/Factory | Identified exit to Garrison 23660 | -6/Factory | Entered Garrison 23685 | -6/Garrison | Learned Factory security intel 23719 | -6/Garrison | Build established: Hacker-Mutant 23720 | -6/Garrison | Triggered checkpoint 23811 | -6/Garrison | Discovered new exit (range 5) 23876 | -6/Garrison | Triggered checkpoint 23884 | -6/Garrison | Triggered checkpoint 24013 | -6/Garrison | Destroyed 7 combat bots 24034 | -6/Garrison | Build established: Hacker-Tank 24060 | -6/Garrison | Triggered checkpoint 24399 | -6/Garrison | Discovered new exit (range 8) 24425 | -6/Garrison | Reached level 21 24565 | -6/Garrison | Triggered checkpoint 24656 | -6/Garrison | Rescued a captive Derelict 24657 | -6/Garrison | Rescued a captive Derelict 24889 | -6/Garrison | Entered Factory 24940 | -6/Factory | Joined by Warlord Infantry squad 25194 | -6/Factory | Joined by Warlord Ranger squad 25195 | -6/Factory | Incoming investigation squad redirected 25223 | -6/Factory | Fabricated G-50 Soldier? 25271 | -6/Factory | Joined by Warlord Pyro squad 25519 | -6/Factory | Discovered exit to Factory (range 9) 25538 | -6/Factory | Identified exit to Garrison 25553 | -6/Factory | Entered Garrison 25632 | -6/Garrison | Triggered checkpoint 25708 | -6/Garrison | Garrison Relay disabled 25958 | -6/Garrison | Discovered exit to Factory (range 12) 26004 | -6/Garrison | Triggered checkpoint 26056 | -6/Garrison | Discovered exit to Factory (range 18) 26056 | -6/Garrison | Discovered exit to Factory (range 77) 26056 | -6/Garrison | Discovered exit to Factory (range 31) 26064 | -6/Garrison | Garrison Relay disabled 26533 | -6/Garrison | Triggered checkpoint 26566 | -6/Garrison | Garrison Relay disabled 26645 | -6/Garrison | Entered Factory 26689 | -5/Factory | Discovered new exit (range 17) 26746 | -5/Factory | Discovered new exit (range 6) 26790 | -5/Factory | Joined by Warlord Muscle squad 26873 | -5/Factory | Build established: Hacker-Mutant 26915 | -5/Factory | Joined by Warlord Chimera squad 27123 | -5/Factory | Identified exit to Upper Caves 27528 | -5/Factory | Entered Upper Caves 27529 | -5/Upper Caves | Identified exit to Upper Caves 27530 | -5/Upper Caves | Reached level 22 27534 | -5/Upper Caves | Encountered a Warlord checkpoint 28095 | -5/Upper Caves | Entered another Upper Caves area 28096 | -5/Upper Caves | Identified exit to Factory 28193 | -5/Upper Caves | Encountered a Warlord checkpoint 28344 | -5/Upper Caves | Discovered new exit (range 9) 28377 | -5/Upper Caves | Upgraded with Utility slot (x1) 28380 | -5/Upper Caves | Found Alien Artifact 28444 | -5/Upper Caves | Entered Warlord 28696 | -5/Warlord | Visited the Vortex Lab 28711 | -5/Warlord | Warlord's base attacked by MAIN.C 28711 | -5/Warlord | Found Prototype Energy Cannon 28711 | -5/Warlord | Identified Vortex Cannon 29020 | -5/Warlord | Build established: Hacker-Skirmisher 29061 | -5/Warlord | Warlord forces counterattacked 29118 | -5/Warlord | Met Warlord 29130 | -5/Warlord | Opened Warlord's prototype stash 29135 | -5/Warlord | Found Prototype Reactor 29135 | -5/Warlord | Identified Vortex Chain Reactor 29146 | -5/Warlord | Found Prototype Processor 29146 | -5/Warlord | Identified Exp. Armor Integrity Analyzer 29151 | -5/Warlord | Found Prototype Hackware 29151 | -5/Warlord | Identified Ghost Barrier 29323 | -5/Warlord | Spotted B-75 Beast 29330 | -5/Warlord | Allies destroyed B-75 Beast 29357 | -5/Warlord | Found Prototype Ballistic Cannon 29357 | -5/Warlord | Identified Hvy. Autocannon 29360 | -5/Warlord | Spotted Striker 29361 | -5/Warlord | Spotted Executioner 29366 | -5/Warlord | Destroyed Executioner 29373 | -5/Warlord | Allies destroyed Striker 29386 | -5/Warlord | Warlord base infiltrated, sounded retreat 29405 | -5/Warlord | Reached level 23 29431 | -5/Warlord | Spotted Striker 29436 | -5/Warlord | Destroyed Striker 29450 | -5/Warlord | Found Prototype Device 29450 | -5/Warlord | Identified Adv. Kinecellerator 29462 | -5/Warlord | Destroyed 7 combat bots 29481 | -5/Warlord | Discovered new exit (range 12) 29501 | -5/Warlord | Entered Proximity Caves 29501 | -4/Proximity Caves | Accompanied by 2 allies 29501 | -4/Proximity Caves | Self-destructed Last Messages --------------- 29442_ Acquired 6 matter. 29442_ Acquired 12 matter. 29442_ G-50 Soldier destroyed. 29444_ Slug penetrates G-50 Soldier. 29448_ Enhanced Demolisher knocked back. 29449_ Acquired 18 matter. 29449_ G-50 Soldier destroyed. 29449_ G-67 Veteran destroyed. 29450_ Acquired Prototype Device. 29450_ Identified Adv. Kinecellerator. 29451_ Acquired 10 matter. 29454_ G-50 Soldier destroyed. 29461_ The unstable cave ceiling collapses. 29462_ 32 Matter crushed. 29467_ The unstable cave ceiling collapses. 29481_ EXIT=FOUND 29501_ ANNOUNCEMENT: MAIN.C reinforcements approaching through caves, arriving soon. LOCATION=UNKNOWN GOAL=ESCAPE Map ----- +----------------------------------------------------+ | ??????????????????????????????????????????????? | | ??????????????????????????????????????????????? | | ??????????????????????????????????????????????? | | ??????????????????????????????????????????????? | | ??????????????????????????????????????????????? | | ??????????????????????????????????????????????? | | ??????????????????????????????????????????????? | | ??????????????????????????????????????????????? | | ??????????????????????????????????????????????? | | ??????????????????????????????????????????????? | | ??????????????????????????????????????????????? | | ??????????????????????????????????????????????? | | ??????????????????????????????????????????????? | | ?????????????????????????????????"????????????? | | ???????????????????????????????? ???????????? | | ??????????????????????????????? ???????????? | | ?????????????????????????????? ????????????? | | ????????????????????????????? ?????????????? | | ???????????????????????????? #??????????????? | | ?????????????????????#####? ##?????????????? | | ?????????????????????# ## #?????????????? | | ?????????????????????# ######????????? | | ????????????????????## ????????? | | ??????????????????### Y i ?????????? | | ?????????????????## #?????????????? | | ?????????????????# @ #??????????????? | | ?????????????????# ##??????????????? | | ?????????????????# ## #???????????????? | | ?????????????????# #??? #???????????????? | | ?????????????????#### #?????#???????????????? | | ????????????????????## C#?????????????????????? | | ?????????????????????####?????????????????????? | | ??????????????????????????????????????????????? | | ??????????????????????????????????????????????? | | ??????????????????????????????????????????????? | | ??????????????????????????????????????????????? | | ??????????????????????????????????????????????? | | ??????????????????????????????????????????????? | | ??????????????????????????????????????????????? | | ??????????????????????????????????????????????? | | ??????????????????????????????????????????????? | | ??????????????????????????????????????????????? | | ??????????????????????????????????????????????? | | ??????????????????????????????????????????????? | | ??????????????????????????????????????????????? | | ??????????????????????????????????????????????? | | ??????????????????????????????????????????????? | | ??????????????????????????????????????????????? | | ??????????????????????????????????????????????? | | ??????????????????????????????????????????????? | +----------------------------------------------------+ Best States ------------- Heat Dissipation 128 Energy Generation 73 Energy Capacity 940 Matter Stores 300 Matter Capacity 300 Sight Range 17 Terrain Scan Range 20 Terrain Scan Density 310 Jamming Range 16 Armor Coverage 825 Resistance: KI 30 Resistance: TH 30 Weapon Cycling 20 Evasion (%) 55 Targeting Accuracy 12 Armor Integrity Analysis 50 Recoil Reduction 7 Kinecelleration 50 Offensive Hacking 20 Defensive Hacking 35 Item Schematics ----------------- Lrn. Tractor Beam | -7/Factory | Scanalyzed System Restoration Module | -7/Factory | Scanalyzed Adv. Transmission Jammer | -7/Factory | Scanalyzed Combat Drone Bay | -7/Data Miner | Free Lgt. Regenerative Plating | -7/Data Miner | Free Biomechanical Wings | -7/Data Miner | Free Gravity Neutralizer | -7/Data Miner | Free Prc. Rocket Launcher | -7/Data Miner | Free Antigrav System | -7/Data Miner | Free Imp. Recalibrator | -7/Data Miner | Free Imp. Plasma Cutter | -7/Data Miner | Free Robot Schematics ------------------ Y-54 Guardian | -7/Data Miner | Free B-48 Gladiator | -7/Data Miner | Free G-47 Trooper | -7/Data Miner | Free Fabricated ------------ G-47 Trooper | x3 | -7/Factory | Preloaded X-67 Chaingunner | x2 | -6/Factory | Preloaded G-50 Soldier | x3 | -6/Factory | Preloaded Alien Tech Used ----------------- None Achievements -------------- None Challenges ------------ None RPGLIKE | -11 -10 -10 -9 -9 -9 -8 -8 -8 -8 -8 -8 -8 -8 -8 -7 -7 -7 -7 -7 -7 -6 -6 -6 -6 -6 -6 -6 -5 -5 -5 -5 -4 --------- Run | Jun Mat Min Mat Min Exi Min Mat Gar Mat Gar Mat Gar Mat Gar Fac Gar Fac Low Low Dat Pro Fac Gar Fac Gar Fac Gar Fac Upp Upp War Pro Levels Raised 22 | . . 1 4 . 1 1 1 2 1 1 . 1 . 1 1 1 . . . . 1 1 1 . 1 . . . 1 . 1 . XP Earned 36263 | 3000 1355 750 5485 1350 350 1260 2755 2892 791 1791 76 1346 178 847 1454 1435 90 498 345 152 975 1617 1223 367 778 125 374 824 362 170 1248 . XP Spent 33840 | 1000 1350 . 3810 500 1100 . 3000 5440 1320 . . 400 2380 210 . 500 . 3100 . . . 3200 . 930 . 700 750 . . 2900 1250 . Upgrades 55 | 2 3 . 11 1 1 . 7 8 3 . . 1 4 1 . 1 . 2 . . . 2 . 2 . 1 3 . . 1 1 . Power Slot 2 | . . . . 1 . . . . . . . . . . . . . 1 . . . . . . . . . . . . . . Propulsion Slot 2 | 1 . . 1 . . . . . . . . . . . . . . . . . . . . . . . . . . . . . Utility Slot 9 | . 1 . 1 . 1 . . 2 . . . . 1 . . . . 1 . . . 1 . . . . . . . 1 . . Weapon Slot 3 | 1 1 . . . . . 1 . . . . . . . . . . . . . . . . . . . . . . . . . Heat Dissipation 12 | . . . 3 . . . . 2 2 . . . 1 1 . . . . . . . . . . . . 3 . . . . . Mass Support 1 | . . . 1 . . . . . . . . . . . . . . . . . . . . . . . . . . . . . Inventory Capacity 5 | . . . 3 . . . . . 1 . . . . . . . . . . . . . . . . . . . . . 1 . Sight Range 1 | . . . . . . . . . . . . . 1 . . . . . . . . . . . . . . . . . . . Terrain Scan Density 3 | . 1 . . . . . . . . . . . 1 . . . . . . . . . . 1 . . . . . . . . Ranged Accuracy 4 | . . . . . . . . . . . . 1 . . . 1 . . . . . 1 . . . 1 . . . . . . Hack Attack % 4 | . . . 1 . . . 1 1 . . . . . . . . . . . . . . . 1 . . . . . . . . Hack Defense % 3 | . . . 1 . . . 1 1 . . . . . . . . . . . . . . . . . . . . . . . . KI Resistance % 2 | . . . . . . . 2 . . . . . . . . . . . . . . . . . . . . . . . . . TH Resistance % 2 | . . . . . . . 2 . . . . . . . . . . . . . . . . . . . . . . . . . TH Damage % 2 | . . . . . . . . 2 . . . . . . . . . . . . . . . . . . . . . . . . Protomatter Created 4466 | . 70 . 364 10 . 53 125 322 226 354 40 178 39 341 26 284 . 271 196 . 91 170 183 234 539 . 72 . . . 278 . Integrity Restored 6096 | . 138 . 719 153 . 159 312 605 410 227 82 334 113 370 11 243 . 450 248 . 50 223 171 282 548 . 71 . . . 177 . Core 4112 | . 138 . 640 153 . 159 312 278 280 172 45 141 93 150 8 177 . 309 153 . 34 147 118 182 332 . 51 . . . 40 . Parts 1984 | . . . 79 . . . . 327 130 55 37 193 20 220 3 66 . 141 95 . 16 76 53 100 216 . 20 . . . 137 . Protomatter Decayed 4326 | . . . 80 4 . . 21 88 36 318 11 212 . 206 22 407 . 117 194 . 149 233 113 513 447 55 42 . . . 1058 . Game ------ Seed AdvancedExperimentalKatana Manual? 0 Play Time 05:52:30 Cumulative 512.1 hours Start 2023.09.12 @ 18:51:39 End 2023.09.15 @ 15:54:32 Sessions 15 Manual Loads 0 Difficulty Rogue Special Mode Winter2019/RPGLIKE Game No. 116 Rogue 76 Adventurer 4 Explorer 36 Win Type - Total 37 Types 17/6/4/2/2/3/2/0/1 Lore% 88 Gallery% 89 Achievement% 89 Wizard Run 0 Options --------- ASCII 0 Keyboard 1 Movement Vi Keybinds 0 Fullscreen 1 Font 24/Smallcaps Map View 76x50 Tactical HUD 1 Map Filters NONE Filters NONE Steam 1 RUN: 30923b66-f8be-4e2b-99f9-d777a2b8be9c